 Dungeon Crawl Stone Soup version 0.29-a0-1043-g569b05d6ff (webtiles) character file.

Game seed: 9145557943024787078

3172 Ijustatesigmund the Thaumaturge (level 9, -3/50 (52) HPs)
             Began as a Deep Elf Earth Elementalist on Aug 15, 2022.
             Was an Initiate of Cheibriados.
             Slain by a wight
             ... wielding a +2 trident of freezing
              (4 damage)
             ... on level 8 of the Dungeon on Aug 16, 2022.
             The game lasted 00:17:39 (7173 turns).

Ijustatesigmund the Thaumaturge (DEEE)              Turns: 7173, Time: 00:17:39

HP:   -3/50 (52)    AC:  7    Str:  6    XL:     9   Next: 63%
MP:   20/34         EV: 13    Int: 32    God:    Cheibriados [......]
Gold: 360           SH:  0    Dex: 19    Spells: 19/29 levels left

rFire   . . .      SeeInvis .   y - +8 mace "Woezun" {protect, rElec Dex+3}
rCold   . . .      Faith    .   (no shield)
rNeg    . . .      Spirit   .   B - +0 steam dragon scales
rPois   .          Reflect  .   c - +0 helmet
rElec   +          Harm     .   D - +0 cloak
rCorr   .          Rampage  .   (no gloves)
Will    .....                   (no boots)
Stlth   ++........              h - amulet of magic regeneration
HPRegen 0.16/turn               k - +6 ring of intelligence
MPRegen 0.64/turn               t - ring of magical power

@: lethally poisoned (-3 -> -8), lightly drained, very slow
A: sense surroundings 2
a: Renounce Religion


You were on level 8 of the Dungeon.
You worshipped Cheibriados.
Cheibriados was noncommittal.
You visited 2 branches of the dungeon, and saw 9 of its levels.

You collected 490 gold pieces.
You spent 130 gold pieces at shops.

Inventory:

Hand Weapons
 a - a +3 short sword of holy wrath
 e - a +0 rapier of freezing
 y - the +8 mace "Woezun" (weapon) {protect, rElec Dex+3}
   (You took it off an orc on level 4 of the Dungeon)

   It grants its wielder temporary protection when it strikes (+7 to AC).
   Dex:       It affects your dexterity (+3).
   rElec:     It insulates you from electricity.
 F - the +3 sling of Honour {vorpal, rElec Will+++}
   (You found it on level 7 of the Dungeon)

   Any ammunition fired from it inflicts extra damage upon your enemies.
   rElec:     It insulates you from electricity.
   Will:      It greatly increases your willpower.
Missiles
 j - 3 throwing nets
Armour
 c - a +0 helmet (worn)
 B - +0 steam dragon scales (worn)
 D - a +0 cloak (worn)
Jewellery
 h - an amulet of magic regeneration (around neck)
 k - a +6 ring of intelligence (left hand)
 m - a ring of positive energy
 s - a ring of willpower
 t - a ring of magical power (right hand)
Wands
 r - a wand of flame (18)
Scrolls
 g - 5 scrolls of teleportation
 i - 2 scrolls of magic mapping
 q - a scroll of blinking
 v - 5 scrolls of identify
 C - 3 scrolls of brand weapon
 E - 2 scrolls of butterflies
Potions
 b - 4 potions of magic
 d - a potion of lignification
 f - 2 potions of attraction
 l - 2 potions of curing
 n - a potion of cancellation
 o - a potion of mutation
 p - a potion of haste
 w - a potion of brilliance
 x - a potion of might
 z - a potion of flight
 A - 3 potions of heal wounds


   Skills:
 - Level 4.1 Fighting
 + Level 1.3 Armour
 + Level 3.3 Dodging
 - Level 2.4 Stealth
 + Level 10.5 Spellcasting
 + Level 5.1 Conjurations
 - Level 6.0 Transmutations
 - Level 7.2 Earth Magic
 + Level 0.7 Invocations


You had 19 spell levels left.
You knew the following spells:

 Your Spells              Type           Power      Damage    Failure   Level
a - Sandblast             Erth           100%       2d20      1%          1
b - Stone Arrow           Conj/Erth      100%       3d13      1%          3
c - Passwall              Tmut/Erth      46%        N/A       1%          2
d - Petrify               Tmut/Erth      56%        N/A       1%          4

Your spell library contained the following spells:

 Spells                   Type           Power      Damage    Failure   Level
 Apportation              Tloc           32%        N/A       3%          1
 Freeze                   Ice            64%        1d8       3%          1
 Necrotise                Necr           64%        1d7       3%          1
 Summon Small Mammal      Summ           64%        N/A       3%          1
 Frozen Ramparts          Ice            32%        1d5       9%          3
 Ozocubu's Armour         Ice            16%        N/A       9%          3
 Hailstorm                Conj/Ice       33%        3d8       10%         4
 Ozocubu's Refrigeration  Ice            8%         4d9       100%        7


Dungeon Overview and Level Annotations

Branches:
Dungeon (8/15)             Temple (1/1) D:6            Lair (0/5) D:8

Altars:
Ashenzari
Cheibriados
Dithmenos
Elyvilon
Fedhas
Gozag
Hepliaklqana
Kikubaaqudgha
Makhleb
Nemelex Xobeh
Okawaru
Qazlal
Sif Muna
Trog
Uskayaw
Vehumet
Wu Jian
Xom
Yredelemnul
Zin
The Shining One

Shops:
D:7 !(   D:8 (

Annotations:
D:5 3 runed translucent doors, exclusion: oklob plant, Oki's ghost, novice TrFi
D:6 2 transporters, 27heaven's ghost, novice DrFi


Innate Abilities, Weirdness & Mutations

You passively map the area around you.


Message History

Aim: a wight, wielding a +2 trident of freezing, wearing a +0 robe and quivering poisoned darts (78% to hit)
The stone arrow hits the wight!
The wight is almost destroyed.
You feel yourself speed up.
You feel sick.
You are no longer poisoned.
An orc warrior comes into view. It is wielding a +0 halberd.
The wight throws a poisoned dart.
The poisoned dart hits you!
You are poisoned.
Casting: Stone Arrow (safe; 1% risk of failure)
Confirm with . or Enter, or press ? or * to list all spells.
Aiming: Stone Arrow (safe; 1% risk of failure)
Press: ? - help, Shift-Dir - straight line, f/p - wight
Aim: a wight, wielding a +2 trident of freezing, wearing a +0 robe and quivering poisoned darts (almost destroyed, 78% to hit)
The stone arrow misses the wight.
You feel sick.
The wight hits you from afar with a +2 trident of freezing.
The wight freezes you.
Casting: Stone Arrow (safe; 1% risk of failure)
Confirm with . or Enter, or press ? or * to list all spells.
Aiming: Passwall (safe; 1% risk of failure)
Press: ? - help, Dir - move target, p - wight A rock wall.
The kobold shouts!
You feel sick.
You hear a shout!
The wight closely misses you.
You begin to meditate on the wall.
You continue meditating on the rock.
You feel sick.
The wight hits you from afar with a +2 trident of freezing.
* * * LOW HITPOINT WARNING * * *
The wight freezes you.
* * * LOW HITPOINT WARNING * * *
You continue meditating on the rock.
You feel sick.
The wight hits you from afar with a +2 trident of freezing!
* * * LOW HITPOINT WARNING * * *
You feel drained.
* * * LOW HITPOINT WARNING * * *
The wight freezes you.
You die...

..., ,, ** #.# ###
#.# * *, *
#.####### , , ,
#........ , , , ,
#.####..###### * *
* * ,
#.............* *
#.###.#.#####. * ,
* #.#.# * * * #,
#@#.# , , * *, #.
*#.#)# * * * *
##..##z#.# * * * *
*#..).KK#.. , *
#..####K### K# '
**, * #5#######.#*
,*, ,
..#####oK........,
, ,
................#*
' ,
.##.###.#.#####.#


You could see an orc warrior, a wight, a shadow imp and 4 kobolds.

Vanquished Creatures
  Sigmund (D:5)
  A steam dragon (D:5)
  A water moccasin (D:6)
  2 ice beasts
  2 sky beasts
  3 black bears
  3 ogres
  3 centaurs
  3 phantoms
  3 kobold brigands
  2 bullfrogs
  2 necrophages
  A wight (D:6)
  A howler monkey (D:5)
  4 jellies
  2 hounds
  2 orc priests
  Crazy Yiuf (D:6)
  A gnoll bouda (D:7)
  3 iguanas
  8 orc wizards
  5 gnolls (D:7)
  10 adders
  A white imp (D:5)
  4 ufetubi
  2 worms
  The ghost of fly the Sneak, a weakling DgDe (D:4)
  5 dart slugs
  26 orcs
  6 bats
  6 endoplasms
  5 giant cockroaches
  5 goblins
  7 hobgoblins
  7 jackals
  10 kobolds
  6 quokkas
  3 training dummies (D:8)
  6 ball pythons
  2 frilled lizards (D:3)
  7 rats
173 creatures vanquished.

Vanquished Creatures (others)
  A plant (D:1)
  5 withered plants (D:1)
6 creatures vanquished.

Grand Total: 179 creatures vanquished

Notes
Turn   | Place    | Note
-------+----------+-------------------------------------------
     0 | D:1      | Ijustatesigmund the Deep Elf Earth Elementalist began the
                  | quest for the Orb.
     0 | D:1      | Reached XP level 1. HP: 10/10 MP: 6/6
   126 | D:1      | Reached XP level 2. HP: 15/15 MP: 4/8
   472 | D:1      | Found a faded altar of an unknown god.
   676 | D:1      | Reached skill level 4 in Spellcasting
   790 | D:1      | Reached XP level 3. HP: 19/19 MP: 7/10
   819 | D:1      | Learned a level 3 spell: Stone Arrow
   822 | D:1      | Learned a level 2 spell: Passwall
  1393 | D:2      | Reached skill level 1 in Conjurations
  1742 | D:2      | Reached XP level 4. HP: 24/24 MP: 12/12
  1999 | D:3      | Reached skill level 5 in Spellcasting
  2265 | D:3      | Identified the +10 mace "Nippev" {vorpal, rPois}
  2407 | D:4      | Noticed a black bear
  2411 | D:4      | Killed a black bear
  2412 | D:4      | Reached XP level 5. HP: 28/28 MP: 9/15
  2463 | D:4      | Reached skill level 6 in Spellcasting
  2537 | D:4      | Reached XP level 6. HP: 32/32 MP: 17/17
  2824 | D:4      | Identified the +3 flail "Worm's Wrath" {speed, rF+ Int+3
                  | Dex+2}
  2829 | D:4      | Noticed a sky beast
  2830 | D:4      | Killed a sky beast
  2831 | D:4      | Reached skill level 7 in Spellcasting
  2893 | D:4      | Found a runed translucent gate.
  2894 | D:4      | Found a runed translucent gate.
  2896 | D:4      | Found a runed translucent gate.
  2897 | D:4      | Noticed fly's ghost (weakling DgDe)
  2897 | D:4      | Identified the +8 mace "Woezun" {protect, rElec Dex+3}
  2897 | D:4      | Identified the +7 chain mail "Xasmomp" {rC+++ Will- Str+3
                  | SInv}
  2964 | D:4      | Reached XP level 7. HP: 36/36 MP: 20/20
  2994 | D:4      | Learned a level 4 spell: Petrify
  3007 | D:4      | Found an iron altar of Okawaru.
  3007 | D:4      | Found a glowing golden altar of the Shining One.
  3015 | D:4      | Found a glowing silver altar of Zin.
  3017 | D:4      | Found a faded altar of an unknown god.
  3019 | D:4      | Found an opulent altar of Gozag.
  3618 | D:4      | Killed fly's ghost
  3690 | D:5      | Entered Level 5 of the Dungeon
  3690 | D:5      | Noticed Sigmund
  3695 | D:5      | Killed Sigmund
  3696 | D:5      | Reached skill level 1 in Fighting
  3698 | D:5      | Reached skill level 8 in Spellcasting
  3862 | D:5      | Reached skill level 5 in Earth Magic
  3894 | D:5      | Reached XP level 8. HP: 44/44 MP: 22/22
  4130 | D:5      | Noticed Oki's ghost (novice TrFi)
  4135 | D:5      | Reached skill level 9 in Spellcasting
  4160 | D:5      | Found a runed translucent gate.
  4160 | D:5      | Found a runed translucent gate.
  4372 | D:5      | Found a blossoming altar of Fedhas.
  4407 | D:5      | Noticed an oklob plant
  4455 | D:5      | Found a runed translucent gate.
  4870 | D:6      | Reached XP level 9. HP: 51/51 MP: 24/24
  4919 | D:6      | Found a transporter.
  4930 | D:6      | Reached skill level 5 in Transmutations
  4941 | D:6      | Found a transporter.
  5121 | D:6      | Found a staircase to the Ecumenical Temple.
  5278 | D:6      | Upgraded the game from 0.29-a0-1039-gfc20370e89 to
                  | 0.29-a0-1043-g569b05d6ff
  5286 | Temple   | Entered the Ecumenical Temple
  5474 | D:6      | Noticed 27heaven's ghost (novice DrFi)
  5624 | D:6      | Found a runed translucent door.
  5625 | D:6      | Noticed Crazy Yiuf
  5632 | D:6      | Killed Crazy Yiuf
  5793 | D:6      | Reached skill level 10 in Spellcasting
  6073 | D:7      | Found a stormy altar of Qazlal.
  6118 | D:7      | Found Sicwofi's Weapon Emporium.
  6440 | D:7      | Identified the +3 sling of Honour {vorpal, rElec Will+++}
  6520 | D:7      | Found Atoggas's Distillery.
  6534 | D:7      | Bought a potion of mutation for 80 gold pieces
  6534 | D:7      | Bought a potion of heal wounds for 50 gold pieces
  6534 | D:7      | Gained mutation: You passively map a small area around you.
                  | [potion of mutation]
  6534 | D:7      | Gained mutation: You passively map the area around you.
                  | [potion of mutation]
  6689 | D:7      | Found a snail-covered altar of Cheibriados.
  6851 | D:8      | Reached skill level 1 in Armour
  6926 | D:7      | Became a worshipper of Cheibriados the Contemplative
  7069 | D:8      | Found Huir's Firing Range.
  7116 | D:8      | Found a staircase to the Lair.
  7163 | D:8      | Reached skill level 5 in Conjurations
  7173 | D:8      | HP: 2/51 [wight/+2 trident of freezing (7)]
  7173 | D:8      | Slain by a wight

Illustrated notes

Levels and vault maps discovered:
D:1:      roderic_octagonal_star, layout_rooms,
          shapermc_ecumenical_altar_flowoftime, hangedman_glass_teeth,
          chequers_serial_rivers_small_3, kennysheep_crisscross
D:2:      layout_basic, wad_floor_pattern_untrapped
D:3:      layout_loops_cross, grunt_decor_resistance, solitary_fountain,
          minmay_fractal_squares_5
D:4:      layout_basic, chequers_temple_overflow_minitemple,
          biasface_ghost_orc_armoury, minmay_box_of_dots
D:5:      layout_rooms, tgw_fedhas, gammafunk_ghost_split, uniq_sigmund
D:6:      layout_basic, temple_statues, gammafunk_ghost_arena,
          minmay_increasing_density, uniq_crazy_yiuf_cottage
D:7:      layout_loops_cross, amcnicky_altar_gilded, lemuel_doored_altar,
          serial_shops, nicolae_lakefront_shop, nicolae_shop_waterfront
D:8:      minmay_the_grid_octo_tiled_octocenter [minmay_the_grid_octo_focus,
          minmay_the_grid_octo_thin_diamonds, minmay_the_grid_octo_chip,
          minmay_the_grid_octo_checkered, minmay_the_grid_octo_prize_big_c,
          minmay_the_grid_square_5x5_half_checkered,
          minmay_the_grid_square_5x5_three_small,
          minmay_the_grid_square_5x5_trominoes,
          minmay_the_grid_square_5x5_three_walls], layout_loops_ring,
          nicolae_shop_firing_range, uniq_prince_ribbit1
Temple:   jpeg_temple_clearing

Skill      XL: |  1  2  3  4  5  6  7  8  9 |
---------------+----------------------------+-----
Spellcasting   | 4 5 6 7 8 9 10 | 10.5
Earth Magic    | 4 5 6 7 |  7.2
Conjurations   | 1 3 4 5 |  5.1
Fighting       | 2 3 4 |  4.1
Transmutations | 3 4 6 |  6.0
Armour         | 1 |  1.3
Dodging        | 3 |  3.3
Stealth        | |  2.4
Invocations    | |  0.7

Action                   |  1- 3 |  4- 6 |  7- 9 || total
-------------------------+-------+-------+-------++-------
Melee: Rapier            |    24 |       |       ||    24
       Flail             |       |       |    30 ||    30
       Mace              |       |       |     3 ||     3
       Punch             |       |       |     1 ||     1
 Cast: Sandblast         |    58 |    33 |     3 ||    94
       Stone Arrow       |       |    30 |   124 ||   154
       Passwall          |       |       |     1 ||     1
  Use: Scroll            |     5 |     2 |    13 ||    20
       Potion            |     1 |     1 |     2 ||     4
Armor: Robe              |     9 |     3 |     3 ||    15
       Steam dragon scal |       |       |     7 ||     7
Dodge: Dodged            |    31 |    12 |    42 ||    85

Table legend: (Time is in decaauts)
 A = Elapsed time spent in this place.
 B = Non-inter-level travel time spent in this place.
 C = Inter-level travel time spent in this place.
 D = Time resting spent in this place.
 E = Time spent auto-exploring this place.
 F = Levels seen in this place.
 G = Mean time per level.
                   A        B        C        D        E       F      G
               +--------+--------+--------+--------+--------+-----+--------+
         Total |   7332 |   7024 |    308 |   1048 |   4909 |   9 |  814.7 |
       Dungeon |   7223 |   6928 |    295 |   1048 |   4826 |   8 |  902.9 |
        Temple |    108 |     95 |     13 |      0 |     83 |   1 |  108.0 |
               +--------+--------+--------+--------+--------+-----+--------+

Top non-repeatable levels by time:
     D:4: 1416 daAuts
     D:1: 1169 daAuts
     D:7: 1080 daAuts
     D:6: 1071 daAuts
     D:5: 873 daAuts
     D:2: 688 daAuts
     D:3: 640 daAuts
     D:8: 283 daAuts
  Temple: 108 daAuts
